 Dungeon Crawl Stone Soup version 0.26-a0-597-gb535b0901c (webtiles) character file.

Game seed: 8374265672951773445

8519 hickop the Ducker (level 11, -1/83 HPs)
             Began as a Gnoll Arcane Marksman on Sept 6, 2020.
             Was an Elder of Okawaru.
             Slain by a sixfirhy (9 damage)
             ... summoned by an orc sorcerer
             ... on level 1 of the Orcish Mines.
             The game lasted 01:23:29 (19567 turns).

hickop the Ducker (Gnoll Arcane Marksman)          Turns: 19567, Time: 01:23:29

Health: -1/83      AC:  6    Str: 17    XL:     11   Next: 32%
Magic:  9/21       EV: 17    Int: 18    God:    Okawaru [****..]
Gold:   715        SH:  0    Dex: 16    Spells: 9/23 levels left

rFire    + + .     SeeInvis .   a - +0 shortbow
rCold    + . .     Faith    .   (shield currently unavailable)
rNeg     + . .     Spirit   .   S - +1 robe {rC+ rF+}
rPois    .         Reflect  .   l - +0 helmet
rElec    .         Harm     .   c - +0 cloak
rCorr    .                      (no gloves)
MR       .....                  (no boots)
Stlth    ++++......             (no amulet)
HPRegen  0.23/turn              x - ring of Gaygau {*Corrode rN+ Str+4 Stlth+}
MPRegen  0.17/turn              i - ring of protection from fire

@: lightly drained
A: distributed training, fangs 1, strong nose
a: Heroism, Renounce Religion


You were on level 1 of the Orcish Mines.
You worshipped Okawaru.
Okawaru was greatly pleased with you.
You visited 3 branches of the dungeon, and saw 11 of its levels.
You also visited: Ossuary.

You collected 715 gold pieces.

Inventory:

Hand Weapons
 a - a +0 shortbow (weapon)
 h - a +4 dagger
 R - a +5 hand axe
 W - a +4 dagger of chaos
Missiles
 d - 67 arrows (quivered)
 n - 32 poisoned darts
 F - 87 stones
 M - 17 boomerangs
 T - 31 bolts
 X - 16 sling bullets
Armour
 c - a +0 cloak (worn)
 l - a +0 helmet (worn)
 s - a +0 robe
 u - a +2 leather armour of fire resistance
 S - a +1 robe of resistance (worn)
Jewellery
 i - a ring of protection from fire (right hand)
 r - an uncursed ring of protection from cold
 x - the ring of Gaygau (left hand) {*Corrode rN+ Str+4 Stlth+}
   (You found it on level 4 of the Dungeon)

   [ring of stealth]

   It affects your strength (+4).
   It protects you from negative energy.
   It may corrode you when you take damage.
   It makes you more stealthy.
 L - an uncursed ring of resist corrosion
 Q - a +4 ring of protection
 U - an uncursed amulet of regeneration
Wands
 B - a wand of polymorph (7)
 H - a wand of digging (4)
 K - a wand of iceblast (11)
Scrolls
 m - 6 scrolls of teleportation
 q - 4 scrolls of remove curse
 w - 2 scrolls of blinking
 y - 4 scrolls of enchant weapon {unknown}
 A - 2 scrolls of amnesia {unknown}
 C - 3 scrolls of noise {unknown}
 E - 4 scrolls of fog
 J - 2 scrolls of immolation {unknown}
 N - 2 scrolls of magic mapping {unknown}
 O - a scroll of acquirement {unknown}
 V - 2 scrolls of identify
Potions
 b - 5 potions of curing {unknown}
 e - a potion of mutation {unknown}
 f - a potion of berserk rage {unknown}
 g - 3 potions of haste
 j - 3 potions of flight {unknown}
 k - 2 potions of ambrosia {unknown}
 o - 4 potions of lignification {unknown}
 p - a potion of magic {unknown}
 t - 2 potions of stabbing {unknown}
 z - 4 potions of heal wounds {unknown}
 D - 3 potions of brilliance {unknown}
 I - 2 potions of resistance {unknown}
 P - a potion of might {unknown}
Miscellaneous
 G - a condenser vane (2/2)


   Skills:
 + Level 6.7(6.1) Fighting
 + Level 6.2(5.6) Short Blades
 + Level 6.2(5.6) Long Blades
 + Level 6.2(5.6) Axes
 + Level 6.2(5.6) Maces & Flails
 + Level 6.2(5.6) Polearms
 + Level 6.2(5.6) Staves
 + Level 6.2(5.6) Slings
 + Level 7.8(7.1) Bows
 + Level 6.2(5.6) Crossbows
 + Level 6.2(5.6) Throwing
 + Level 6.2(5.6) Armour
 + Level 7.8(7.1) Dodging
 + Level 6.2(5.6) Stealth
 + Level 6.2(5.6) Shields
 + Level 6.2(5.6) Unarmed Combat
 + Level 6.8(6.2) Spellcasting
 + Level 5.1(4.5) Conjurations
 + Level 7.6(6.9) Hexes
 + Level 5.1(4.5) Summonings
 + Level 5.1(4.5) Necromancy
 + Level 5.1(4.5) Translocations
 + Level 5.1(4.5) Transmutations
 + Level 5.1(4.5) Fire Magic
 + Level 5.1(4.5) Ice Magic
 + Level 5.1(4.5) Air Magic
 + Level 5.1(4.5) Earth Magic
 + Level 5.1(4.5) Poison Magic
 + Level 6.8(6.2) Invocations
 + Level 6.2(5.6) Evocations


You had 9 spell levels left.
You knew the following spells:

 Your Spells              Type           Power        Failure   Level
a - Corona                Hex            ####...      1%          1
b - Slow                  Hex            ####....     1%          2
c - Inner Flame           Hex/Fire       ####....     3%          3
d - Cause Fear            Hex            ####......   7%          4
e - Summon Ice Beast      Ice/Summ       ###.....     19%         4

Your spell library contained the following spells:

 Spells                   Type           Power        Failure   Level
 Summon Small Mammal      Summ           ###.         1%          1
 Call Imp                 Summ           ###.....     2%          2
 Portal Projectile        Hex/Tloc       ####..       3%          3
 Summon Guardian Golem    Hex/Summ       ####....     3%          3
 Call Canine Familiar     Summ           ###.....     5%          3
 Leda's Liquefaction      Hex/Erth       ####......   11%         4
 Summon Lightning Spire   Summ/Air       ###.....     19%         4


Dungeon Overview and Level Annotations

Branches:
Dungeon (9/15)             Temple (1/1) D:5            Lair (0/6) D:8
    Orc (1/2) D:9         Ossuary (visited)

Altars:
Ashenzari
Cheibriados
Dithmenos
Elyvilon
Fedhas
Gozag
Hepliaklqana
Kikubaaqudgha
Makhleb
Nemelex Xobeh
Okawaru
Qazlal
Ru
Sif Muna
Trog
Vehumet
Wu Jian
Xom
Yredelemnul
Zin
The Shining One

Shops:
D:5 (   D:7 [


Innate Abilities, Weirdness & Mutations

Your experience applies equally to all skills.
You have very sharp teeth.
Your uncanny sense of smell can sniff out nearby items.


Message History

Confirm with . or Enter, or press ? or * to list all spells.
Aiming: Inner Flame (mildly dangerous; 3% risk of failure)
Press: ? - help, Shift-Dir - straight line, f/p - orc sorcerer
Aim: an orc sorcerer, wielding a +0 dagger and wearing a +2 robe of magic resistance (chance to defeat MR: 33%)
The orc sorcerer easily resists.
The sixfirhy hits you. The sixfirhy shocks you!
* * * LOW HITPOINT WARNING * * *
The sixfirhy hits you.
* * * LOW HITPOINT WARNING * * *
The sixfirhy shocks you!
* * * LOW HITPOINT WARNING * * *
The sixfirhy misses you. The sixfirhy barely misses you.
Casting: Inner Flame (mildly dangerous; 3% risk of failure)
Confirm with . or Enter, or press ? or * to list all spells.
The sixfirhy is unaffected.
The orc sorcerer resists with almost no effort.
The sixfirhy hits you.
* * * LOW HITPOINT WARNING * * *
The sixfirhy shocks you!
You die...

#### ## .#.#.##.##
.........# ..........
.........
.................
#.........#.#...##
#..............3.#
............o.@.#
##..##..............#
#........##..##.##.##
#.........### ### # .
#.....)....##.##
..#....#..#.##....
#...>......#.#..# #.#
#...............##...
....................
#


You could see a sixfirhy (summoned) and an orc sorcerer.

Vanquished Creatures
  An orc high priest (Orc:1)
  Psyche (D:7)
  2 trolls
  Prince Ribbit (D:4)
  A hippogriff (D:7)
  Sigmund (D:5)
  A wyvern (D:6)
  2 wargs
  A nameless horror (D:9)
  Duvessa (D:5)
  12 orc warriors
  An eye of draining (D:5)
  2 ice beasts
  4 sky beasts
  A black bear (D:7)
  2 phantoms (D:4)
  5 ogres
  3 centaurs
  5 bullfrogs
  Dowan (D:5)
  3 water moccasin zombies (Ossuary)
  4 scorpions
  3 wights (D:8)
  6 killer bees (D:8)
  6 howler monkeys
  A centaur zombie (D:6)
  A bullfrog zombie (D:8)
  5 hounds
  2 jellies
  10 orc priests
  21 orc wizards
  2 centaur skeletons
  4 iguanas
  2 bullfrog skeletons
  8 worker ants
  6 big kobold zombies (Ossuary)
  2 mummies (Ossuary)
  2 worker ant zombies
  A howler monkey zombie (D:5)
  7 gnolls
  15 adders
  A shadow imp (D:8)
  2 white imps
  3 oozes
  11 adder zombies
  2 worms
  A dart slug (D:2)
  7 leopard geckos
  56 orcs
  6 ball pythons
  6 giant cockroaches
  8 goblins
  5 hobgoblins
  9 jackals
  9 quokkas
  4 bats
  10 frilled lizards
  2 gnoll zombies (Ossuary)
  A goblin zombie (D:6)
  4 hobgoblin zombies (Ossuary)
  10 kobolds
  2 kobold zombies (Ossuary)
  7 orc zombies (Ossuary)
  A quokka zombie (D:6)
  A rat (D:1)
327 creatures vanquished.

Vanquished Creatures (collateral kills)
  An orc (D:9)
1 creature vanquished.

Vanquished Creatures (others)
  9 plants (D:1)
9 creatures vanquished.

Grand Total: 337 creatures vanquished

Notes
Turn   | Place    | Note
-------+----------+-------------------------------------------
     0 | D:1      | hickop the Gnoll Arcane Marksman began the quest for the
                  | Orb.
     0 | D:1      | Reached XP level 1. HP: 17/17 MP: 4/4
   282 | D:1      | Reached XP level 2. HP: 23/23 MP: 5/5
  1009 | D:1      | Reached XP level 3. HP: 23/28 MP: 2/7
  1522 | D:2      | Reached skill level 1 in Invocations
  1526 | D:2      | Learned a level 2 spell: Slow
  1565 | D:2      | Reached skill level 1 in Short Blades
  1565 | D:2      | Reached skill level 1 in Long Blades
  1565 | D:2      | Reached skill level 1 in Axes
  1565 | D:2      | Reached skill level 1 in Maces & Flails
  1565 | D:2      | Reached skill level 1 in Polearms
  1565 | D:2      | Reached skill level 1 in Staves
  1565 | D:2      | Reached skill level 1 in Slings
  1565 | D:2      | Reached skill level 1 in Crossbows
  1565 | D:2      | Reached skill level 1 in Throwing
  1565 | D:2      | Reached skill level 1 in Armour
  1565 | D:2      | Reached skill level 1 in Stealth
  1565 | D:2      | Reached skill level 1 in Shields
  1565 | D:2      | Reached skill level 1 in Unarmed Combat
  1565 | D:2      | Reached skill level 1 in Evocations
  1715 | D:2      | Reached XP level 4. HP: 31/34 MP: 6/8
  1895 | D:2      | Reached skill level 1 in Conjurations
  1895 | D:2      | Reached skill level 1 in Summonings
  1895 | D:2      | Reached skill level 1 in Necromancy
  1895 | D:2      | Reached skill level 1 in Translocations
  1895 | D:2      | Reached skill level 1 in Transmutations
  1895 | D:2      | Reached skill level 1 in Fire Magic
  1895 | D:2      | Reached skill level 1 in Ice Magic
  1895 | D:2      | Reached skill level 1 in Air Magic
  1895 | D:2      | Reached skill level 1 in Earth Magic
  1895 | D:2      | Reached skill level 1 in Poison Magic
  2176 | D:2      | Found a glowing golden altar of the Shining One.
  2238 | D:2      | Reached XP level 5. HP: 40/40 MP: 6/9
  3290 | D:2      | Reached XP level 6. HP: 32/47 MP: 6/11
  3801 | D:3      | Found a sparkling altar of Nemelex Xobeh.
  4150 | D:3      | Learned a level 3 spell: Inner Flame
  4222 | D:4      | Noticed a phantom
  4225 | D:4      | Reached skill level 5 in Bows
  4225 | D:4      | Reached skill level 5 in Dodging
  4691 | D:4      | Killed a phantom
  4691 | D:4      | Reached XP level 7. HP: 50/52 MP: 6/12
  5228 | D:4      | Got a transparent glass ring
  5458 | D:4      | Identified the ring of Gaygau {*Corrode rN+ Str+4 Stlth+}
                  | (You found it on level 4 of the Dungeon)
  5469 | D:5      | Entered Level 5 of the Dungeon
  5999 | D:5      | Noticed Sigmund
  6004 | D:5      | Killed Sigmund
  6004 | D:5      | Reached XP level 8. HP: 60/60 MP: 7/14
  6338 | D:5      | Found a staircase to the Ecumenical Temple.
  6347 | Temple   | Entered the Ecumenical Temple
  6476 | Temple   | Became a worshipper of Warmaster Okawaru
  6598 | D:5      | Found Biebb's Antique Weapon Boutique.
  6819 | D:5      | Noticed Prince Ribbit
  6881 | D:4      | Killed Prince Ribbit
  7389 | D:5      | Noticed Duvessa
  7389 | D:5      | Noticed Dowan
  7409 | D:5      | Killed Duvessa
  7417 | D:5      | Killed Dowan
  7865 | D:5      | Reached * piety under Okawaru
  8104 | D:5      | Reached XP level 9. HP: 66/66 MP: 12/16
  8138 | D:5      | Learned a level 4 spell: Cause Fear
  8503 | D:6      | Found a sand-covered staircase.
  8603 | Ossuary  | Entered an ossuary
  9000 | Ossuary  | Reached skill level 5 in Spellcasting
  9361 | D:6      | Found a hazy altar of Hepliaklqana.
  9388 | D:6      | Reached skill level 5 in Fighting
  9957 | D:6      | Reached ** piety under Okawaru
 10299 | D:6      | Reached skill level 5 in Invocations
 10667 | D:6      | Found a shimmering altar of Xom.
 10668 | D:6      | Noticed an angel
 10672 | D:6      | Found a glowing silver altar of Zin.
 11062 | D:7      | Found Josiufioro's Armour Shop.
 11241 | D:7      | Reached XP level 10. HP: 74/74 MP: 8/18
 11393 | D:7      | Reached skill level 5 in Short Blades
 11393 | D:7      | Reached skill level 5 in Long Blades
 11393 | D:7      | Reached skill level 5 in Axes
 11393 | D:7      | Reached skill level 5 in Maces & Flails
 11393 | D:7      | Reached skill level 5 in Polearms
 11393 | D:7      | Reached skill level 5 in Staves
 11393 | D:7      | Reached skill level 5 in Slings
 11393 | D:7      | Reached skill level 5 in Crossbows
 11393 | D:7      | Reached skill level 5 in Throwing
 11393 | D:7      | Reached skill level 5 in Armour
 11393 | D:7      | Reached skill level 5 in Stealth
 11393 | D:7      | Reached skill level 5 in Shields
 11393 | D:7      | Reached skill level 5 in Unarmed Combat
 11393 | D:7      | Reached skill level 5 in Evocations
 12226 | D:7      | Found a shattered altar of Ashenzari.
 12432 | D:7      | Found an opulent altar of Gozag.
 12436 | D:7      | Found an ancient bone altar of Kikubaaqudgha.
 13701 | D:8      | Found a staircase to the Lair.
 13918 | D:8      | Found a stormy altar of Qazlal.
 14225 | D:8      | Reached *** piety under Okawaru
 14579 | D:8      | Noticed Psyche
 14721 | D:7      | Killed Psyche
 14878 | D:8      | Received a gift from Okawaru
 15015 | D:8      | You fall into a shaft and drop 1 floor!
 15043 | D:9      | Learned a level 4 spell: Summon Ice Beast
 15135 | D:9      | Found a hazy altar of Hepliaklqana.
 15135 | D:9      | Found a sacrificial altar of Ru.
 15136 | D:9      | Found a white marble altar of Elyvilon.
 15136 | D:9      | Found a radiant altar of Vehumet.
 16123 | D:9      | Reached XP level 11. HP: 48/83 MP: 4/20
 16556 | D:9      | Found a staircase to the Orcish Mines.
 16570 | Orc:1    | Entered Level 1 of the Orcish Mines
 18250 | Orc:1    | Reached skill level 5 in Conjurations
 18250 | Orc:1    | Reached skill level 5 in Summonings
 18250 | Orc:1    | Reached skill level 5 in Necromancy
 18250 | Orc:1    | Reached skill level 5 in Translocations
 18250 | Orc:1    | Reached skill level 5 in Transmutations
 18250 | Orc:1    | Reached skill level 5 in Fire Magic
 18250 | Orc:1    | Reached skill level 5 in Ice Magic
 18250 | Orc:1    | Reached skill level 5 in Air Magic
 18250 | Orc:1    | Reached skill level 5 in Earth Magic
 18250 | Orc:1    | Reached skill level 5 in Poison Magic
 18514 | Orc:1    | Noticed an orc high priest
 18561 | Orc:1    | Noticed a sun demon
 18745 | Orc:1    | Killed an orc high priest
 18745 | Orc:1    | Reached **** piety under Okawaru
 19240 | Orc:1    | Received a gift from Okawaru
 19303 | Orc:1    | Noticed an orc sorcerer
 19305 | Orc:1    | Noticed a soul eater
 19311 | Orc:1    | Noticed a sun demon
 19315 | Orc:1    | Noticed a sun demon
 19562 | Orc:1    | Noticed a sixfirhy
 19563 | Orc:1    | Paralysed by an orc sorcerer for 3 turns
 19567 | Orc:1    | Slain by a sixfirhy

Illustrated notes

Levels and vault maps discovered:
D:1:      sevenhm_arrival_forest_fort_small_4, layout_loops_corners,
          chequers_mini_garden, dk_noncrumbling_4, lexackson_kobold_supper
D:2:      layout_loops_ring, minivault_25, tso_metal_star
D:3:      layout_loops_ring, nemelex_xobeh_ov_fountains_minmay,
          kennysheep_generic_room_7
D:4:      layout_rooms, minmay_strange_pillars, grunt_ministairs_11,
          chequers_serial_rivers_room_b
D:5:      layout_rooms, minmay_temple_entry_poolview, serial_shops,
          nicolae_shop_competitors_out_of_business, uniq_sigmund, uniq_duvessa,
          uniq_prince_ribbit1
D:6:      layout_layer_cave, grunt_temple_overflow_order_and_chaos_1,
          enter_ossuary_4, basic_altar
D:7:      layout_layer_cave, evilmike_ruin_ashenzari, minitemple, serial_shops,
          shop, lemuel_old_faithful
D:8:      layout_basic, kennysheep_little_box, nicolae_qazlal_style_of_elements,
          lair_entry_dummy, uniq_psyche
D:9:      layout_basic, chequers_temple_overflow_statue_of_worship,
          hiddenorc1_lemuel
Temple:   dpeg_chambers_temple
Orc:1:    layout_caves, nicolae_orc_stony_grotto

Skill      XL: |  1  2  3  4  5  6  7  8  9 10 11 |
---------------+----------------------------------+-----
Invocations    | 1 2 3 4 5 6 |  6.8
Short Blades   | 1 2 3 4 5 6 |  6.2
Long Blades    | 1 2 3 4 5 6 |  6.2
Axes           | 1 2 3 4 5 6 |  6.2
Maces & Flails | 1 2 3 4 5 6 |  6.2
Polearms       | 1 2 3 4 5 6 |  6.2
Staves         | 1 2 3 4 5 6 |  6.2
Slings         | 1 2 3 4 5 6 |  6.2
Crossbows      | 1 2 3 4 5 6 |  6.2
Throwing       | 1 2 3 4 5 6 |  6.2
Armour         | 1 2 3 4 5 6 |  6.2
Stealth        | 1 2 3 4 5 6 |  6.2
Shields        | 1 2 3 4 5 6 |  6.2
Unarmed Combat | 1 2 3 4 5 6 |  6.2
Evocations     | 1 2 3 4 5 6 |  6.2
Spellcasting   | 3 4 5 6 |  6.8
Conjurations   | 1 2 3 4 5 |  5.1
Summonings     | 1 2 3 4 5 |  5.1
Necromancy     | 1 2 3 4 5 |  5.1
Translocations | 1 2 3 4 5 |  5.1
Transmutations | 1 2 3 4 5 |  5.1
Fire Magic     | 1 2 3 4 5 |  5.1
Ice Magic      | 1 2 3 4 5 |  5.1
Air Magic      | 1 2 3 4 5 |  5.1
Earth Magic    | 1 2 3 4 5 |  5.1
Poison Magic   | 1 2 3 4 5 |  5.1
Fighting       | 3 4 5 6 |  6.7
Bows           | 5 6 7 |  7.8
Dodging        | 5 6 7 |  7.8
Hexes          | 6 7 |  7.6

Action                   |  1- 3 |  4- 6 |  7- 9 | 10-12 || total
-------------------------+-------+-------+-------+-------++-------
Melee: Dagger            |       |       |    46 |     4 ||    50
       Punch             |       |       |     2 |       ||     2
       Bite              |       |       |     6 |     1 ||     7
       Shortbow          |       |       |       |     4 ||     4
       Hand axe          |       |       |       |     1 ||     1
 Fire: Shortbow          |   101 |   237 |   237 |   334 ||   909
Throw: Dart              |       |    39 |    43 |       ||    82
 Cast: Corona            |    17 |     8 |       |       ||    25
       Slow              |     2 |    35 |    13 |       ||    50
       Inner Flame       |       |     7 |    84 |   138 ||   229
       Cause Fear        |       |       |     8 |    11 ||    19
       Summon Ice Beast  |       |       |       |     3 ||     3
  Use: Scroll            |     2 |     4 |     3 |     5 ||    14
       Potion            |       |       |       |     1 ||     1
Armor: Robe              |    10 |     8 |       |    33 ||    51
       Chain mail        |       |    19 |       |       ||    19
       Leather armour    |       |       |    37 |     9 ||    46
Dodge: Dodged            |    47 |    83 |   122 |   137 ||   389

Table legend: (Time is in decaauts)
 A = Elapsed time spent in this place.
 B = Non-inter-level travel time spent in this place.
 C = Inter-level travel time spent in this place.
 D = Time resting spent in this place.
 E = Time spent auto-exploring this place.
 F = Levels seen in this place.
 G = Mean time per level.
                   A        B        C        D        E       F      G
               +--------+--------+--------+--------+--------+-----+--------+
         Total |  19584 |  19285 |    299 |   7466 |   8489 |  12 | 1632.0 |
       Dungeon |  18129 |  17852 |    277 |   6834 |   8062 |   9 | 2014.3 |
        Temple |    220 |    198 |     22 |      0 |    181 |   1 |  220.0 |
  Orcish Mines |    517 |    517 |      0 |    294 |     88 |   1 |  517.0 |
       Ossuary |    715 |    715 |      0 |    338 |    158 |   1 |  715.0 |
               +--------+--------+--------+--------+--------+-----+--------+

Top non-repeatable levels by time:
     D:9: 4024 daAuts
     D:7: 2406 daAuts
     D:4: 2018 daAuts
     D:6: 1935 daAuts
     D:2: 1765 daAuts
     D:5: 1656 daAuts
     D:8: 1557 daAuts
     D:3: 1396 daAuts
     D:1: 1368 daAuts
 Ossuary: 715 daAuts
   Orc:1: 517 daAuts
  Temple: 220 daAuts
